 Dungeon Crawl Stone Soup version 0.28.0-53-g5a82cb258f (webtiles) character file.

Game seed: 15819138510396743951

43 Peloso the Covered (level 3, -1/33 HPs)
             Began as a Minotaur Fighter on May 28, 2022.
             Slain by Sigmund
             ... wielding a +0 scythe
              (7 damage)
             ... on level 2 of the Dungeon.
             The game lasted 00:01:47 (1352 turns).

Peloso the Covered (Minotaur Fighter)               Turns: 1352, Time: 00:01:48

Health: -1/33      AC:  9    Str: 20    XL:     3   Next: 37%
Magic:  2/2        EV:  6    Int:  5    God:
Gold:   74         SH: 10    Dex: 16    Spells: 2/2 levels left

rFire   . . .      SeeInvis .   a - +0 long sword
rCold   . . .      Faith    .   d - +1 kite shield "Avokkolac" {-Cast rElec Dex+5}
rNeg    . . .      Spirit   .   g - +0 chain mail
rPois   .          Reflect  .   (helmet restricted)
rElec   +          Harm     .   (no cloak)
rCorr   .          Rampage  .   (no gloves)
Will    .....      NoCast   +   (no boots)
Stlth   ..........              (no amulet)
HPRegen 0.11/turn               (no ring)
MPRegen 0.08/turn               (no ring)

@: no status effects
A: horns 2, retaliatory headbutt
a: no special abilities


You were on level 2 of the Dungeon.
You visited 1 branch of the dungeon, and saw 2 of its levels.

You collected 74 gold pieces.

Inventory:

Hand Weapons
 a - a +0 long sword (weapon)
Armour
 b - a +0 scale mail
 c - a +0 buckler
 d - the +1 kite shield "Avokkolac" (worn) {-Cast rElec Dex+5}
   (You found it on level 2 of the Dungeon)

   Dex:       It affects your dexterity (+5).
   rElec:     It insulates you from electricity.
   -Cast:     It prevents spellcasting.
 g - a +0 chain mail (worn)
Jewellery
 i - a +6 ring of dexterity
Scrolls
 j - a scroll of summoning {unknown}
 k - a scroll of blinking {unknown}
Potions
 e - 2 potions of curing {unknown}
 f - a potion of heal wounds {unknown}
 h - a potion of might


   Skills:
 + Level 4.1 Fighting
 + Level 3.4 Long Blades
 + Level 4.1 Armour
 + Level 3.9 Shields


You had 2 spell levels left.
You didn't know any spells.
Your spell library contained the following spells:

 Spells                   Type           Power      Damage    Failure   Level
 Beastly Appendage        Tmut           0%         N/A       100%        1
 Wereblood                Tmut           0%         N/A       100%        2
 Spider Form              Tmut/Pois      0%         N/A       100%        3


Dungeon Overview and Level Annotations

Branches:
Dungeon (2/15)

Altars:

Annotations:
D:2 Sigmund


Innate Abilities, Weirdness & Mutations

You have a pair of horns on your head.
You reflexively headbutt those who attack you in melee.


Message History

Found a stone staircase leading up.
You pick up a book of Changes and begin reading...
You add the spells Beastly Appendage, Wereblood and Spider Form to your library.
j - a scroll labelled YRUID HUPS
Found an embroidered scarf.
Found a stone staircase leading down.
Found a leather armour.
Found a stone staircase leading down.
You see here a scarf of shadows.
k - a scroll labelled KOCETR WUMOWK Sigmund the Dreaded comes into view.
He is wielding a +0 scythe.
Sigmund shouts!
You hear an angry hiss.
Sigmund laughs darkly.
Sigmund casts a spell.
Sigmund flickers and vanishes!
Deactivating autopickup; reactivate with Ctrl-A.
An adder comes into view.
The adder bites you but does no damage.
You slash the adder!
The adder is almost dead.
You block the adder's attack. The adder bites you but does no damage.
You hit the adder.
You kill the adder!
Something hits you.
Found a scroll labelled BAL XAIRILO.
You hear some strange, mumbled words.
A magic dart appears from out of thin air!
The magic dart hits you.
You closely miss something. You headbutt something.
Something hits you but does no damage.
You slash something! You headbutt something. Something hits you.
You closely miss something. Something hits you but does no damage.
You miss something. Your headbutt misses something. Something hits you.
You barely miss something. You block something's attack.
You closely miss something. Something hits you but does no damage.
You hit something. Something hits you!
You closely miss something. Something hits you!
* * * LOW HITPOINT WARNING * * *
You hit something but do no damage. Your headbutt misses something.
Something hits you!
You die...

##########
#........# #
#########.######.#
### ......{@..#
#.### #..
?.....#####
#[..###.# .....
##########.#....
....
............... ...
#....#.......## ##
### #....#.###..###
...##......##......
........#.....#
#......
..............#
#......


There were no monsters in sight!

Vanquished Creatures
  An adder (D:2)
  A dart slug (D:1)
  6 ball pythons
  3 bats (D:1)
  4 endoplasms
  A giant cockroach (D:1)
  A goblin (D:1)
  2 hobgoblins
  2 jackals (D:2)
  3 frilled lizards
  4 kobolds (D:1)
  A rat (D:2)
29 creatures vanquished.

Notes
Turn   | Place    | Note
-------+----------+-------------------------------------------
     0 | D:1      | Peloso the Minotaur Fighter began the quest for the Orb.
     0 | D:1      | Reached XP level 1. HP: 19/19 MP: 0/0
   218 | D:1      | Found a faded altar of an unknown god.
   420 | D:1      | Reached XP level 2. HP: 27/27 MP: 1/1
  1105 | D:2      | Reached XP level 3. HP: 24/33 MP: 2/2
  1134 | D:2      | Identified the +1 kite shield "Avokkolac" {-Cast rElec
                  | Dex+5}
  1336 | D:2      | Noticed Sigmund
  1352 | D:2      | Slain by Sigmund

Illustrated notes

Levels and vault maps discovered:
D:1:      psy_arrival_fountain, layout_basic, ebering_ecumenical_altar_box,
          hex_tiny
D:2:      layout_rooms, uniq_sigmund

Skill      XL: |  1  2 |
---------------+-------+-----
Fighting       | 4 |  4.1
Armour         | 4 |  4.1
Long Blades    | 3 |  3.4
Shields        | |  3.9

Action                   || total
-------------------------++-------
Melee: Long sword        ||    79
       Headbutt          ||    12
Armor: Scale mail        ||    30
       Chain mail        ||     7
Dodge: Dodged            ||    28
Block: Buckler           ||    13
       Kite shield       ||     5
